 Dungeon Crawl Stone Soup version 0.31-a0-1082-g7d1fb776a8 (webtiles) character file.

Game seed: 4150750934380704417

1526 Dirtsage the Slasher (level 8, -5/64 HPs)
             Began as a Demonspawn Monk on Nov 27, 2023.
             Slain by an orc warrior
             ... wielding a +0 trident of flaming
              (10 damage)
             ... on level 7 of the Dungeon.
             The game lasted 00:07:10 (4956 turns).

Dirtsage the Slasher (Demonspawn Monk)              Turns: 4956, Time: 00:07:11

Health: -5/64      AC: 13    Str: 12    XL:     8   Next: 55%
Magic:  8/8        EV: 14    Int: 11    God:
Gold:   336        SH:  0    Dex: 24    Spells: 7/7 levels left

rFire   . . .        a - +0 falchion
rCold   . . .        d - orb {light}
rNeg    . . .        y - +0 ring mail
rPois   .            C - +0 helmet
rElec   .            (no cloak)
rCorr   .            e - +0 pair of gloves
SInv    .            (no boots)
Will    .....        q - amulet of faith
Stlth   +            g - +6 ring of dexterity
HPRegen 0.30/turn    o - +4 ring of protection
MPRegen 0.11/turn

%: faith
@: glowing
A: thin metallic scales 1, ignite blood 2, demonic touch 2
a: no special abilities


You were on level 7 of the Dungeon.
You visited 2 branches of the dungeon, and saw 8 of its levels.

You collected 336 gold pieces.

Inventory:

Hand Weapons
 a - a +0 falchion (weapon)
Armour
 d - an orb of light (worn)
 e - a +0 pair of gloves (worn)
 y - a +0 ring mail (worn)
 C - a +0 helmet (worn)
Jewellery
 b - a +6 ring of strength
 g - a +6 ring of dexterity (left hand)
 o - a +4 ring of protection (right hand)
 p - a +6 ring of intelligence
 q - an amulet of faith (around neck)
 B - a ring of fire
Wands
 c - a wand of roots (9)
Scrolls
 h - a scroll of torment {unknown}
 i - 2 scrolls of blinking {unknown}
 k - 4 scrolls of identify {unknown}
 m - a scroll of teleportation {unknown}
 r - a scroll of amnesia {unknown}
 s - a scroll of enchant weapon {unknown}
 t - a scroll of noise {unknown}
 D - 2 scrolls of enchant armour {unknown}
 E - 2 scrolls of immolation {unknown}
 F - a scroll of acquirement {unknown}
Potions
 f - a potion of enlightenment {unknown}
 j - 2 potions of resistance {unknown}
 l - 2 potions of attraction {unknown}
 n - a potion of curing {unknown}
 u - a potion of degeneration {unknown}
 v - a potion of heal wounds {unknown}
 w - 3 potions of lignification
 x - a potion of cancellation {unknown}
 z - 2 potions of magic {unknown}
 A - 2 potions of haste {unknown}


   Skills:
 + Level 6.1 Fighting
 * Level 7.5 Long Blades
 + Level 5.6 Dodging


You had 7 spell levels left.
You didn't know any spells.
Your spell library contained the following spells:

 Spells                   Type           Power      Damage    Failure   Level
 Necrotise                Necr           0%         1d4       63%         1
 Shock                    Conj/Air       0%         1d3       63%         1
 Sublimation of Blood     Necr           0%         N/A       77%         2
 Wereblood                Tmut           0%         N/A       77%         2
 Swiftness                Air            0%         N/A       94%         3
 Vampiric Draining        Necr           0%         2d6       94%         3
 Airstrike                Air            0%         2d(0-16)  100%        4
 Dispel Undead            Necr           0%         3d6       100%        4
 Vhi's Electric Charge    Tloc/Air       0%         N/A       100%        4
 Agony                    Necr           0%         N/A       100%        5
 Silence                  Hex/Air        0%         N/A       100%        5
 Summon Hydra             Summ           0%         N/A       100%        7


Dungeon Overview and Level Annotations

Branches:
Dungeon (7/15)             Temple (1/1) D:5

Altars:
Ashenzari
Cheibriados
Dithmenos
Fedhas
Gozag
Hepliaklqana
Kikubaaqudgha
Makhleb
Nemelex Xobeh
Sif Muna
Uskayaw
Vehumet
Yredelemnul


Innate Abilities, Weirdness & Mutations

You are partially covered in thin metallic scales. (AC +2)
Your demonic aura often causes spilled blood to erupt in flames.
Your touch may inflict irresistible damage on your foes.


Message History

The orc warrior burns you.
You take 6 damage, and have 54/64 hp.
You completely miss the orc warrior.
The orc warrior hits you with a +0 trident of flaming!
The orc warrior burns you.
You take 13 damage, and have 41/64 hp.
MASSIVE DAMAGE!!
You are too injured to fight recklessly!
You are too injured to fight recklessly!
You are too injured to fight recklessly!
You hit the orc warrior but do no damage.
The orc warrior barely misses you.
You hit the orc warrior but do no damage.
The orc warrior barely misses you.
You hit the orc warrior but do no damage.
The orc warrior hits you with a +0 trident of flaming!
The orc warrior burns you.
You take 13 damage, and have 29/64 hp.
MASSIVE DAMAGE!!
You hit the orc warrior.
The orc warrior is lightly wounded.
The orc warrior hits you with a +0 trident of flaming.
The orc warrior burns you.
You take 4 damage, and have 25/64 hp.
You hit the orc warrior but do no damage.
The orc warrior is lightly wounded.
The orc warrior hits you with a +0 trident of flaming!
* * * LOW HITPOINT WARNING * * *
The orc warrior burns you.
* * * LOW HITPOINT WARNING * * *
You take 11 damage, and have 14/64 hp.
You slash the orc warrior!
The orc warrior is moderately wounded.
The orc warrior hits you with a +0 trident of flaming!
* * * LOW HITPOINT WARNING * * *
The orc warrior burns you.
* * * LOW HITPOINT WARNING * * *
You take 9 damage, and have 5/64 hp.
You hit the orc warrior but do no damage.
The orc warrior is moderately wounded.
The orc warrior hits you with a +0 trident of flaming!
You die...

## ##. ####
##.. ._.#
#..o###.:.#
#@#...# ##...#
##...##...
######...##...#
#..##...####..#
#..#...##.....#
#.......##....#
#...)...#.....#
#.......###...#


You could see an orc warrior.

Vanquished Creatures
  Eustachio (D:5)
  Menkaure (D:5)
  Edmund (D:5)
  Duvessa (D:5)
  An ice beast (D:6)
  An ogre (D:6)
  A phantom (D:6)
  A centaur (D:5)
  A bullfrog (D:6)
  Dowan (D:5)
  5 howler monkeys
  A jelly (D:5)
  3 hounds
  2 orc priests
  An iguana (D:5)
  2 orc wizards
  7 adders
  A shadow imp (D:5)
  2 ufetubi (D:5)
  2 worms (D:3)
  2 dart slugs
  10 orcs
  7 ball pythons
  7 bats
  2 endoplasms (D:2)
  3 giant cockroaches
  4 goblins
  5 hobgoblins
  3 jackals (D:1)
  3 quokkas
  3 frilled lizards
  9 kobolds
  5 rats
99 creatures vanquished.

Notes
Turn   | Place    | Note
-------+----------+-------------------------------------------
     0 | D:1      | Dirtsage the Demonspawn Monk began the quest for the Orb.
     0 | D:1      | Reached XP level 1. HP: 18/18 MP: 1/1
   179 | D:1      | Reached skill level 3 in Long Blades
   179 | D:1      | Gained mutation: Your demonic aura sometimes causes spilled
                  | blood to erupt in flames. [demonic ancestry]
   179 | D:1      | Reached XP level 2. HP: 23/24 MP: 2/2
   915 | D:2      | Gained mutation: You are partially covered in thin metallic
                  | scales. (AC +2) [demonic ancestry]
   915 | D:2      | Reached XP level 3. HP: 28/29 MP: 3/3
  1359 | D:2      | Gained mutation: Your touch may inflict minor irresistible
                  | damage on your foes. [demonic ancestry]
  1359 | D:2      | Reached XP level 4. HP: 35/35 MP: 4/4
  2232 | D:4      | Reached skill level 4 in Long Blades
  2243 | D:4      | Gained mutation: Your touch may inflict irresistible damage
                  | on your foes. [demonic ancestry]
  2243 | D:4      | Reached XP level 5. HP: 35/42 MP: 5/5
  2369 | D:4      | Got Sif Muna's Parchment of Bloody Astrapomancy
  2744 | D:5      | Entered Level 5 of the Dungeon
  2748 | D:5      | Noticed Eustachio
  2896 | D:5      | Killed Eustachio
  2897 | D:5      | Reached skill level 5 in Long Blades
  2897 | D:5      | Reached XP level 6. HP: 38/49 MP: 6/6
  3060 | D:5      | Reached XP level 7. HP: 53/55 MP: 7/7
  3096 | D:5      | Noticed Edmund
  3112 | D:5      | Killed Edmund
  3218 | D:5      | Reached skill level 5 in Fighting
  3227 | D:5      | Noticed Menkaure
  3241 | D:5      | Killed Menkaure
  3242 | D:5      | Reached skill level 6 in Long Blades
  3450 | D:5      | Found a staircase to the Ecumenical Temple.
  3455 | Temple   | Entered the Ecumenical Temple
  3535 | D:5      | Noticed Duvessa
  3535 | D:5      | Noticed Dowan
  3541 | D:5      | Killed Duvessa
  3543 | D:5      | Killed Dowan
  3544 | D:5      | Reached skill level 5 in Dodging
  3705 | D:5      | Gained mutation: Your demonic aura often causes spilled
                  | blood to erupt in flames. [demonic ancestry]
  3705 | D:5      | Reached XP level 8. HP: 18/63 MP: 8/8
  4125 | D:6      | Reached skill level 7 in Long Blades
  4313 | D:6      | Found a radiant altar of Vehumet.
  4532 | D:6      | Noticed a rust devil
  4542 | D:6      | Noticed a rust devil
  4940 | D:7      | Found a shimmering blue altar of Sif Muna.
  4956 | D:7      | Slain by an orc warrior

Illustrated notes

Levels and vault maps discovered:
D:1:      roadster_arrival_rocket_small, layout_loops_ring
D:2:      layout_loops_ring
D:3:      layout_basic, nicolae_tso_swordbearing_angel
D:4:      cheibrodos_pilgrimage, layout_basic, st_stairs_5,
          minmay_crystal_water, kennysheep_decorative_pillar
D:5:      layout_rooms, temple_doors_e, chequers_serial_rivers_micro_e,
          uniq_duvessa, uniq_menkaure, uniq_edmund, uniq_eustachio
D:6:      cheibrodos_iron_armory, layout_rooms, nicolae_overflow_crystal_walls,
          serial_co_window_serial, co_window_paths_a,
          co_window_of_opportunity_a, co_window_of_opportunity_a,
          co_window_paths_b, co_window_corner_a, co_window_of_opportunity_b,
          co_window_corner_cb, co_window_cross_3, co_window_corner_b,
          co_window_corner_cb, co_window_unsneaky_path_a, co_window_paths_c,
          glass_columns_c, glass_columns_b, glass_columns_b, glass_columns_b,
          glass_columns_c
D:7:      layout_basic, kennysheep_okawaru_gauntlet,
          mainiacjoe_overflow_surrounded_room,
          nzn_overflow_gifts_of_might_and_magic, serial_shops, kennysheep_mini,
          nicolae_shop_sticking_my_neck_out, uniq_prince_ribbit1
Temple:   nicolae_temple_no_exploring_needed

Skill      XL: |  1  2  3  4  5  6  7  8 |
---------------+-------------------------+-----
Long Blades    | 3 4 5 6 7 |  7.5
Dodging        | 3 4 5 |  5.6
Fighting       | 4 5 6 |  6.1

Action                     |  1- 3 |  4- 6 |  7- 9 || total
---------------------------+-------+-------+-------++-------
  Melee: Falchion          |   104 |   105 |   114 ||   323
    Use: Potion            |       |       |     2 ||     2
   Stab: Sleeping          |     2 |       |       ||     2
 Armour: Robe              |    55 |       |       ||    55
         Leather armour    |     9 |    14 |       ||    23
         Ring mail         |       |    98 |    47 ||   145
         Skin              |       |       |     5 ||     5
  Dodge: Dodged            |    73 |    80 |    62 ||   215

Table legend: (Time is in decaauts)
 A = Elapsed time spent in this place.
 B = Non-inter-level travel time spent in this place.
 C = Inter-level travel time spent in this place.
 D = Time resting spent in this place.
 E = Time spent auto-exploring this place.
 F = Levels seen in this place.
 G = Mean time per level.
                   A        B        C        D        E       F      G
               +--------+--------+--------+--------+--------+-----+--------+
         Total |   4979 |   4717 |    262 |    296 |   3680 |   8 |  622.4 |
       Dungeon |   4974 |   4712 |    262 |    296 |   3680 |   7 |  710.6 |
        Temple |      4 |      4 |      0 |      0 |      0 |   1 |    4.0 |
               +--------+--------+--------+--------+--------+-----+--------+

Top non-repeatable levels by time:
     D:5: 1066 daAuts
     D:6: 947 daAuts
     D:4: 898 daAuts
     D:1: 765 daAuts
     D:2: 666 daAuts
     D:3: 557 daAuts
     D:7: 72 daAuts
  Temple: 4 daAuts
